Map: Ruby Rock LE

Players

SCIInewby

  • Race: Zerg Zerg
  • League: Master
  • Spawn Location: 5:00

NaVa - Winner!

  • Race: Terran Terran
  • Spawn Location: 11:00

VOD

Have the link to the VOD?

Description

Time

  • Played on: Feb. 6, 2026, 11:49 a.m.
  • Length: 12:49
Show
View Real Time Build Order
Export as new Build Order

SCIInewby Zerg 

Build Orders: Pool First 

Get SALT Encoding   

  12  0:01  Drone  
  13  0:08  Drone  
  13  0:13  Extractor  
  13  0:15  Drone  
  15  0:22  Overlord  
  15  0:42  Spawning Pool  
  14  0:43  Drone  
  16  0:50  Drone, Extractor  
  15  0:59  Drone x2  
  17  1:12  Extractor  
  17  1:14  Drone  
  17  1:32  Zergling x4  
  18  1:36  Hatchery  
  18  1:38  Zergling x2  
  19  1:46  Queen  
  21  1:56  Zergling x2  
  22  2:21  Overlord x2  
  21  2:38  Zergling x2  
  21  2:44  Zergling x2  
  21  2:45  Drone  
  21  2:49  Drone  
  24  2:57  Spine Crawler  
  23  3:00  Spore Crawler, Drone x2  
  23  3:01  Spine Crawler  
  23  3:07  Queen  
  23  3:12  Drone  
  26  3:22  Drone  
  26  3:23  Drone  
  26  3:35  Drone x2  
  26  3:36  Drone x2  
  28  4:00  Roach Warren  
  27  4:05  Drone x4  
  27  4:06  Drone x2  
  27  4:07  Extractor  
  27  4:09  Drone x2  
  34  4:12  Extractor  
  33  4:23  Drone x3  
  33  4:24  Drone x2  
  38  4:33  Lair  
  38  4:35  Drone  
  39  4:49  Extractor  
  39  4:50  Drone x4  
  39  4:52  Spine Crawler  
  41  5:03  Overlord x2  
  41  5:04  Overlord  
  41  5:20  Evolution Chamber  
  40  5:22  Drone  
  40  5:23  Drone x2  
  43  5:29  Roach  
  43  5:30  Roach x3  
  51  5:38  Infestation Pit, Roach, Overlord  
  52  5:58  Roach x3  
  52  6:00  Hatchery  
  52  6:02  Zerg Missile Weapons Level 1  
  57  6:06  Glial Reconstitution  
  57  6:10  Burrow  
  57  6:17  Roach x2  
  60  6:26  Overlord x2  
  60  6:37  Overlord  
  60  6:38  Overlord x2  
  58  6:49  Roach x3  
  56  6:54  Overseer  
  56  6:55  Overseer  
  56  6:56  Overseer  
  62  7:11  Drone x2  
  62  7:12  Overlord  
  64  7:21  Spore Crawler  
  63  7:23  Spore Crawler  
  63  7:27  Spore Crawler  
  63  7:28  Spore Crawler  
  60  7:55  Overseer  
  60  8:04  Drone  
  60  8:05  Drone x4  
  65  8:11  Swarm Host  
  104  8:50  Overlord x3  
  78  9:11  Drone  
  78  9:12  Drone x3  
  78  9:13  Drone x2  
  94  9:59  Spire  
  80  10:49  Zergling x2  
  81  10:50  Zergling x6  
  84  11:22  Overlord  
  84  11:23  Overlord x7  
  84  11:24  Overlord  
  80  11:46  Mutalisk  
  82  11:47  Mutalisk x12  
Show
View Real Time Build Order
Export as new Build Order

NaVa Terran - Winner!

Build Orders:  

Get SALT Encoding   

  12  0:01  SCV  
  13  0:13  SCV  
  14  0:17  Supply Depot  
  14  0:25  SCV  
  15  0:39  SCV  
  15  0:40  Barracks  
  16  0:46  Refinery  
  16  0:51  SCV  
  17  1:03  SCV  
  18  1:15  SCV  
  19  1:28  Orbital Command  
  19  1:29  Marine  
  20  1:44  Command Center  
  20  1:50  Marine  
  20  1:53  SCV  
  22  2:02  Supply Depot  
  22  2:05  SCV  
  23  2:11  Barracks Reactor  
  23  2:21  Factory  
  23  2:23  Refinery  
  23  2:24  SCV  
  24  2:45  SCV  
  25  2:53  Marine x2  
  25  2:57  SCV  
  28  2:58  Orbital Command  
  28  3:07  Factory Tech Lab  
  28  3:08  Starport  
  28  3:09  SCV  
  29  3:14  Marine  
  29  3:15  Marine  
  31  3:22  SCV  
  32  3:27  Orbital Command  
  32  3:36  SCV  
  31  3:50  SCV  
  32  3:56  SCV  
  32  3:57  Bunker  
  32  3:58  Marine x2  
  32  4:00  Starport Tech Lab, Siege Tank  
  32  4:02  SCV  
  39  4:08  SCV  
  40  4:12  Command Center  
  40  4:14  SCV  
  41  4:20  SCV  
  41  4:22  Supply Depot  
  42  4:25  Banshee  
  42  4:26  SCV  
  46  4:39  Engineering Bay  
  46  4:43  SCV, Siege Tank  
  46  4:44  SCV  
  46  4:45  Supply Depot  
  51  4:55  SCV  
  51  4:56  SCV  
  53  5:08  SCV x2  
  55  5:16  Hellion  
  55  5:17  Raven  
  55  5:19  Marine  
  55  5:20  SCV, Marine  
  62  5:24  SCV  
  62  5:26  Barracks  
  62  5:28  Barracks x2  
  63  5:29  Orbital Command  
  63  5:31  Barracks  
  63  5:33  SCV  
  64  5:36  Refinery x2, SCV  
  65  5:44  Siege Tank  
  65  5:45  Orbital Command, SCV  
  69  5:52  Starport  
  69  5:53  Marine x2  
  71  6:05  Supply Depot  
  71  6:08  Medivac  
  73  6:12  SCV x3  
  76  6:20  Siege Tank, Barracks Tech Lab  
  76  6:21  Barracks Tech Lab, Barracks Reactor  
  76  6:22  Barracks Reactor  
  76  6:24  SCV x3  
  82  6:29  Supply Depot  
  82  6:31  Starport Reactor  
  82  6:33  Supply Depot  
  82  6:34  Marine  
  82  6:35  Marine  
  82  6:36  SCV x3  
  84  6:48  SCV x3  
  86  6:56  Refinery, Siege Tank  
  86  6:57  Refinery, Marauder  
  86  6:58  Marauder  
  86  6:59  Stimpack  
  86  7:00  SCV x3  
  96  7:10  Marine  
  96  7:11  Marine x5  
  96  7:12  SCV x2  
  96  7:13  SCV  
  105  7:15  Supply Depot  
  105  7:18  Marine x2  
  105  7:19  Supply Depot, Medivac  
  109  7:35  Marine x2, Medivac, SCV x3  
  116  7:39  Supply Depot  
  116  7:40  Supply Depot  
  116  7:44  Bunker  
  116  7:46  Supply Depot  
  116  7:47  SCV x3  
  119  7:53  Barracks  
  119  7:54  Barracks  
  119  7:58  Barracks  
  119  7:59  SCV x2  
  119  8:03  Barracks  
  119  8:04  Medivac  
  119  8:05  Medivac  
  125  8:06  Factory, Marine x2, Marauder x2  
  125  8:11  Supply Depot  
  125  8:12  Supply Depot  
  131  8:14  Supply Depot, Marine x2  
  131  8:15  Marine  
  134  8:20  Terran Infantry Weapons Level 1  
  134  8:27  Armory  
  134  8:28  Marine x4, Engineering Bay  
  134  8:33  Siege Tank  
  134  8:34  Medivac  
  143  8:46  Supply Depot  
  143  8:47  Supply Depot  
  145  8:48  Marine x2, Marauder  
  145  8:49  Marine x4, Marauder  
  152  9:01  Supply Depot  
  148  9:05  Medivac x2  
  148  9:06  Medivac, Marine x4  
  148  9:07  Marine x2  
  148  9:09  Marine x2  
  161  9:13  Siege Tank  
  165  9:24  Marine x5  
  165  9:30  Marine x3  
  173  9:35  Viking x3  
  179  9:40  Barracks Tech Lab, Barracks Reactor  
  179  9:42  Marine x5  
  179  9:44  Barracks Reactor x2  
  179  9:45  Factory Tech Lab  
  184  9:47  Terran Vehicle Weapons Level 1  
  184  9:48  Marine, Terran Infantry Armor Level 1  
  184  9:49  Marauder x2  
  184  9:52  Siege Tank  
  192  9:59  Marauder, Marine  
  194  10:00  Marine x3  
  198  10:16  Marine x2  
  191  11:15  Combat Shield  
  191  11:18  Concussive Shells, Command Center  
  191  11:20  Command Center  
  189  11:39  Command Center  
  189  11:55  Siege Tank x2  
Tags
 
League
Master
Matchup
TvZ
Opening
Pool First
Replay Pack
Multiplayer
Spawn Locations
Cross Positions
Add a new tag
Caveats
  • Supply blocks, unpowered buildings, or Contaminate may cause inaccurate times.
  • Supply counts are checked every 10 seconds.